 Dungeon Crawl Stone Soup version 0.20.0-8-g6b59dc7 (webtiles) character file.

85 Kosschaser the Skirmisher (level 4, -2/50 HPs)
             Began as an Ogre Fighter on June 2, 2017.
             Slain by a hobgoblin
             ... wielding a +0 club
              (5 damage)
             ... on level 2 of the Dungeon.
             The game lasted 00:03:56 (1785 turns).

Kosschaser the Skirmisher (Ogre Fighter)            Turns: 1785, Time: 00:03:56

Health: -2/50      AC:  3    Str: 20    XL:     4   Next: 48%
Magic:  4/4        EV: 10    Int:  9    God:
Gold:   123        SH:  0    Dex:  9    Spells: 3/3 levels left

rFire    . . .     SeeInvis .   q - +0 mace
rCold    . . .     Gourm    .   (no shield)
rNeg     . . .     Faith    .   b - +0 robe
rPois    .         Spirit   .   (helmet restricted)
rElec    .         Reflect  .   (no cloak)
rCorr    .         Harm     .   (gloves unavailable)
MR       .....                  (boots unavailable)
Stlth    +.........             (no amulet)
Regen    0.2/turn               (no ring)
MPRegen  0.1/turn               (no ring)

@: no status effects
A: unfitting armour, tough skin 1
a: no special abilities


You were on level 2 of the Dungeon.
You were not hungry.

You visited 1 branch of the dungeon, and saw 2 of its levels.

You collected 123 gold pieces.

Inventory:

Hand Weapons
 q - a +0 mace (weapon)
Armour
 b - a +0 robe (worn)
Scrolls
 g - 2 scrolls of enchant weapon {unknown}
 j - 2 scrolls of teleportation {unknown}
 k - a scroll of amnesia {unknown}
 n - 4 scrolls of identify {unknown}
Potions
 d - a potion of might
 e - 2 potions of heal wounds {unknown}
 h - a potion of flight {unknown}
 i - a potion of lignification {unknown}
 l - a potion of haste {unknown}
 m - 2 potions of invisibility {unknown}
Comestibles
 a - a chunk of flesh
 f - 2 bread rations
 o - a royal jelly


   Skills:
 + Level 5.0 Fighting
 + Level 2.8 Maces & Flails
 + Level 3.1 Dodging
 - Level 0.2 Stealth
   Level 2.9 Shields


You had 3 spell levels left.
You didn't know any spells.

Dungeon Overview and Level Annotations

Branches:
Dungeon (2/15)

Altars:
Elyvilon
Gozag


Innate Abilities, Weirdness & Mutations

You are too large for most types of armour.
You have tough skin. (AC +1)


Message History

The hobgoblin hits you with a club. The hobgoblin barely misses you.
The hobgoblin closely misses you. The hobgoblin hits you with a club.
The hobgoblin hits you with a club. The hobgoblin hits you with a club!
* * * LOW HITPOINT WARNING * * *
The hobgoblin hits you but does no damage.
The hobgoblin hits you but does no damage.
The hobgoblin closely misses you. The hobgoblin completely misses you.
The hobgoblin hits you with a club.
* * * LOW HITPOINT WARNING * * *
The hobgoblin barely misses you. The hobgoblin hits you with a club.
* * * LOW HITPOINT WARNING * * *
The hobgoblin closely misses you. The hobgoblin barely misses you.
The hobgoblin hits you with a club.
You die...

#.................#####
#....)..............#
#...................#
##.#######.#...#..#####
#. ... #.#........... #
#.# #.#.##..>..... #.#
..#.##......##
#g#####.##......#
#@#...#.##......#
#)#.#.#.#..# #####
#.(..^#.##.#
#######.##.# #.##.#
#....# ####.# #.# #.#


You could see a hobgoblin.

Vanquished Creatures
  2 adders (D:2)
  2 oozes
  3 worms (D:2)
  3 dart slugs
  2 leopard geckos (D:2)
  A ball python (D:2)
  6 giant cockroaches
  5 goblins (D:1)
  3 hobgoblins
  3 jackals (D:1)
  3 bats
  A frilled lizard (D:2)
  A kobold (D:2)
  5 rats
40 creatures vanquished.

Vanquished Creatures (others)
  A quokka (D:2)
  A ball python (D:2)
2 creatures vanquished.

Grand Total: 42 creatures vanquished

Notes
Turn   | Place    | Note
-------+----------+-------------------------------------------
     0 | D:1      | Kosschaser the Ogre Fighter began the quest for the Orb.
     0 | D:1      | Reached XP level 1. HP: 24/24 MP: 1/1
    31 | D:1      | Reached XP level 2. HP: 23/33 MP: 2/2
   432 | D:1      | Reached XP level 3. HP: 27/40 MP: 3/3
  1263 | D:2      | Reached XP level 4. HP: 32/49 MP: 4/4
  1368 | D:2      | Found a white marble altar of Elyvilon.
  1496 | D:2      | Found an opulent altar of Gozag.
  1516 | D:2      | Reached skill level 5 in Fighting
  1785 | D:2      | Slain by a hobgoblin

Skill      XL: |  1  2  3  4 |
---------------+-------------+-----
Dodging        | 3 |  3.1
Maces & Flails | 2 |  2.8
Fighting       | 5 |  5.0
Stealth        | |  0.2
Shields        | |  2.9

Action                   |  1- 3 |  4- 6 || total
-------------------------+-------+-------++-------
Melee: Flail             |    90 |       ||    90
       Mace              |    10 |    44 ||    54
  Eat: Chunk             |     1 |     2 ||     3
Armor: Robe              |    26 |    20 ||    46
Dodge: Dodged            |    68 |    38 ||   106
Block: Shield            |     1 |       ||     1
